 Dungeon Crawl Stone Soup version 0.31-a0-859-g9dce7d3444 (webtiles) character file.

Game seed: 16480817878201095243

568 MachoJfn the Poker (level 7, -23/61 HPs)
             Began as a Hill Orc Monk on Oct 8, 2023.
             Was an Initiate of Hepliaklqana.
             Annihilated by an ogre
             ... wielding a +0 giant spiked club
              (30 damage)
             ... on level 5 of the Dungeon on Oct 9, 2023.
             The game lasted 00:19:32 (5599 turns).

MachoJfn the Poker (Hill Orc Monk)                  Turns: 5599, Time: 00:19:33

Health: -23/61     AC:  7    Str: 14 (16) XL:     7   Next: 33%
Magic:  7/7        EV:  7    Int:  7 (10) God:    Hepliaklqana [......]
Gold:   270        SH:  4    Dex: 12 (13) Spells: 6/6 levels left

rFire   . . .        j - +3 dagger (venom)
rCold   . . .        d - orb {light}
rNeg    . . .        n - +0 chain mail
rPois   .            m - +0 helmet
rElec   .            q - +0 cloak
rCorr   .            (no gloves)
SInv    .            (no boots)
Will    +....        (no amulet) Stlth
                     (no ring)
HPRegen 0.30/turn    (no ring)
MPRegen 0.10/turn

%: no passive effects
@: marked, corroded, enlightened, flying (expiring), hasted, glowing, unable to
drink, very quick
A: no forms, large bone plates 1, inability to drink after injury 2
a: Renounce Religion


You were on level 5 of the Dungeon.
You worshipped Hepliaklqana.
Hepliaklqana was noncommittal.
You visited 2 branches of the dungeon, and saw 6 of its levels.

You collected 270 gold pieces.

Inventory:

Hand Weapons
 a - a +0 spear
 j - a +3 dagger of venom (weapon)
Missiles
 k - 55 stones
 w - 14 poisoned darts
Armour
 d - an orb of light (worn)
 h - a +2 leather armour of cold resistance
 m - a +0 helmet (worn)
 n - a +0 chain mail (worn)
 q - a +0 cloak (worn)
Scrolls
 f - a scroll of identify
 r - a scroll of amnesia
 t - a scroll of poison
 v - a scroll of teleportation
Potions
 b - 2 potions of mutation
 c - a potion of ambrosia
 g - a potion of heal wounds


   Skills:
 + Level 5.4 Fighting
 + Level 1.1 Short Blades
 + Level 6.4 Polearms
 + Level 3.7 Armour
 + Level 3.0 Dodging


You had 6 spell levels left.
You didn't know any spells.
Your spell library contained the following spells:

 Spells                   Type           Power      Damage    Failure   Level
 Blink                    Tloc           0%         N/A       100%        2
 Cigotuvi's Dreadful Rot  Necr/Pois/Air  0%         N/A       100%        2
 Ensorcelled Hibernation  Hex/Ice        0%         N/A       100%        2
 Ozocubu's Armour         Ice            0%         N/A       100%        3
 Animate Armour           Summ/Erth      0%         N/A       100%        4
 Dispel Undead            Necr           0%         3d6       100%        4
 Manifold Assault         Tloc           0%         N/A       100%        4
 Summon Lightning Spire   Summ/Air       0%         N/A       100%        4
 Borgnjor's Vile Clutch   Necr/Erth      0%         N/A       100%        5
 Lee's Rapid Deconstruct  Erth           0%         3d4*      100%        5


Dungeon Overview and Level Annotations

Branches:
Dungeon (5/15)             Temple (1/1) D:4

Altars:
Dithmenos
Elyvilon
Fedhas
Gozag
Hepliaklqana
Kikubaaqudgha
Okawaru
Qazlal
Ru
Sif Muna
Trog
Uskayaw
Vehumet
Wu Jian
Yredelemnul
Zin
The Shining One


Innate Abilities, Weirdness & Mutations

You cannot voluntarily change form.
You are partially covered in large bone plates. (SH +4)
You sometimes lose the ability to drink potions when taking damage.


Message History

The jelly hits you.
You are splashed with acid!
You hit the jelly but do no damage.
Your hands burn!
The jelly is moderately wounded.
A hound comes into view.
You hit the jelly.
Your hands burn!
You feel threatened and lose the ability to drink potions!
The jelly is heavily wounded.
The jelly barely misses you.
You hit the jelly.
Your hands burn!
The jelly is heavily wounded.
You hit the jelly but do no damage.
Your hands burn!
* * * LOW HITPOINT WARNING * * *
The jelly is heavily wounded.
The jelly hits you but does no damage.
You hit the jelly but do no damage.
The jelly is poisoned.
Your hands burn!
* * * LOW HITPOINT WARNING * * *
The jelly is heavily wounded.
The jelly hits you but does no damage.
A phantom comes into view.
You are starting to lose your buoyancy.
You hit the jelly.
Your hands burn!
* * * LOW HITPOINT WARNING * * *
The jelly is almost dead.
You block the hound's attack.
You hit the hound but do no damage.
The hound is poisoned.
The jelly hits you but does no damage. The hound closely misses you.
You hit the hound.
The hound looks as sick as possible!
The hound is moderately wounded.
The jelly hits you but does no damage. You block the hound's attack.
You hit the jelly.
You kill the jelly!
The hound bites you but does no damage.
You hit the hound.
The hound looks as sick as possible!
The hound is heavily wounded.
You barely miss the hound.
The hound is severely wounded.
The hound bites you.
* * * LOW HITPOINT WARNING * * *
The ogre hits you with a +0 giant spiked club!!
You die...

#..............
#.....# #
+..............
#####.####
.#..............
#.....
#...............
#.####
.##+#...######## #.#
#...# #.#
#...############# #.#
+...............# #.#
#.....W.O@......# #.#
#.......h=......+ ..#
..................#
#..#...............#
...##...............#
##. #...............#
# #...............#
..#######.####### .#


You could see an ogre, a phantom and a hound (extremely poisoned).

Vanquished Creatures
  A scorpion (D:5)
  3 wights (D:5)
  A jelly (D:5)
  An orc priest (D:5)
  A hound (D:4)
  An iguana (D:4)
  4 gnolls
  7 adders
  A white imp (D:5)
  An ufetubus (D:4)
  2 dart slugs
  7 orcs
  8 ball pythons
  13 endoplasms
  5 giant cockroaches
  8 goblins
  9 hobgoblins
  2 jackals (D:2)
  6 quokkas
  7 bats
  4 frilled lizards
  8 kobolds
  25 rats
125 creatures vanquished.

Notes
Turn   | Place    | Note
-------+----------+-------------------------------------------
     0 | D:1      | MachoJfn the Hill Orc Monk began the quest for the Orb.
     0 | D:1      | Reached XP level 1. HP: 19/19 MP: 1/1
   312 | D:1      | Reached XP level 2. HP: 27/27 MP: 2/2
   619 | D:1      | Upgraded the game from 0.31-a0-854-g362426d53f to
                  | 0.31-a0-859-g9dce7d3444
   725 | D:1      | Reached XP level 3. HP: 27/33 MP: 3/3
  1537 | D:1      | Found a faded altar of an unknown god.
  1540 | D:1      | Prayed at the altar of an unknown god.
  1540 | D:1      | Became a worshipper of Ru the Awakened
  1556 | D:1      | Gained mutation: You cannot voluntarily change form. [Ru
                  | sacrifice]
  1690 | D:2      | Reached skill level 4 in Polearms
  2018 | D:2      | Reached XP level 4. HP: 40/40 MP: 4/4
  2061 | D:2      | Reached skill level 1 in Armour
  2354 | D:2      | Found an opulent altar of Gozag.
  2611 | D:2      | Got an illuminated book
  3356 | D:3      | Reached XP level 5. HP: 47/47 MP: 5/5
  3443 | D:3      | Fell from the grace of Ru
  3616 | D:3      | Identified the +0 dagger of Insufficient Pleasure {protect,
                  | Fly rElec rCorr}
  3962 | D:4      | Reached skill level 5 in Polearms
  4222 | D:4      | Found a staircase to the Ecumenical Temple.
  4231 | Temple   | Entered the Ecumenical Temple
  4311 | Temple   | Became a worshipper of Hepliaklqana the Forgotten
  4342 | D:4      | Found a glowing golden altar of the Shining One.
  4365 | D:4      | Reached XP level 6. HP: 52/53 MP: 6/6
  5139 | D:5      | Entered Level 5 of the Dungeon
  5205 | D:5      | Reached skill level 5 in Fighting
  5208 | D:5      | Reached skill level 6 in Polearms
  5208 | D:5      | Reached XP level 7. HP: 34/60 MP: 7/7
  5553 | D:5      | Reached skill level 1 in Short Blades
  5556 | D:5      | Gained mutation: You occasionally lose the ability to drink
                  | potions when taking damage. [potion of mutation]
  5556 | D:5      | Gained mutation: You sometimes lose the ability to drink
                  | potions when taking damage. [potion of mutation]
  5556 | D:5      | Gained mutation: You are partially covered in large bone
                  | plates. (SH +4) [potion of mutation]
  5599 | D:5      | Annihilated by an ogre

Illustrated notes

Levels and vault maps discovered:
D:1:      minmay_arrival_widening_spiral_narrow, layout_basic,
          shapermc_ecumenical_altar_hornbeckon, st_stairs_12, minmay_3d_cube
D:2:      layout_loops_corners, basic_altar, wad_orctagon
D:3:      layout_loops_ring, eino_curves_03, st_stairs_10
D:4:      layout_basic, lemuel_doored_altar, minmay_temple_entry_overgrown,
          minivault_26, minmay_rat_hole
D:5:      layout_basic, nicolae_take_the_stairs
Temple:   eino_temple_scatter_basement

Skill      XL: |  1  2  3  4  5  6  7 |
---------------+----------------------+-----
Fighting       | 4 5 |  5.4
Polearms       | 4 5 6 |  6.4
Armour         | 1 2 3 |  3.7
Dodging        | 3 |  3.0
Short Blades   | 1 |  1.1

Action                     |  1- 3 |  4- 6 |  7- 9 || total
---------------------------+-------+-------+-------++-------
  Melee: Spear             |   148 |   301 |       ||   449
         Dagger            |       |    29 |    40 ||    69
 Invoke: Sacrifice Forms   |     1 |       |       ||     1
         Renounce Religion |       |     1 |       ||     1
    Use: Potion            |     4 |     2 |     6 ||    12
         Scroll            |     1 |     6 |     1 ||     8
 Armour: Robe              |     1 |       |       ||     1
         Leather armour    |    58 |       |       ||    58
         Chain mail        |    11 |   198 |    24 ||   233
  Dodge: Dodged            |    68 |   102 |    11 ||   181
  Block: Orb               |       |       |     5 ||     5

Table legend: (Time is in decaauts)
 A = Elapsed time spent in this place.
 B = Non-inter-level travel time spent in this place.
 C = Inter-level travel time spent in this place.
 D = Time resting spent in this place.
 E = Time spent auto-exploring this place.
 F = Levels seen in this place.
 G = Mean time per level.
                   A        B        C        D        E       F      G
               +--------+--------+--------+--------+--------+-----+--------+
         Total |   5533 |   4726 |    807 |    756 |   3085 |   6 |  922.2 |
       Dungeon |   5443 |   4721 |    722 |    756 |   3085 |   5 | 1088.6 |
        Temple |     89 |      4 |     85 |      0 |      0 |   1 |   89.0 |
               +--------+--------+--------+--------+--------+-----+--------+

Top non-repeatable levels by time:
     D:1: 1620 daAuts
     D:2: 1575 daAuts
     D:4: 1015 daAuts
     D:3: 786 daAuts
     D:5: 445 daAuts
  Temple: 89 daAuts
